 Dungeon Crawl Stone Soup version 0.21.1-1-g345015fe64 (webtiles) character file.

2062 overmorrow the Cleaver (level 9, -8/78 HPs)
             Began as a Minotaur Fighter on June 10, 2018.
             Mangled by a wight
             ... wielding a +0 long sword
              (9 damage)
             ... on level 6 of the Dungeon.
             The game lasted 00:13:07 (5195 turns).

overmorrow the Cleaver (Minotaur Fighter)           Turns: 5195, Time: 00:13:08

Health: -8/78      AC: 12    Str: 25    XL:     9   Next: 5%
Magic:  8/8        EV:  8    Int:  5    God:
Gold:   333        SH: 10    Dex:  9    Spells: 8/8 levels left

rFire    . . .     SeeInvis .   a - +0 war axe
rCold    + . .     Gourm    .   c - +0 shield
rNeg     . . .     Faith    +   b - +0 scale mail
rPois    .         Spirit   .   (helmet restricted)
rElec    .         Reflect  .   o - +2 cloak
rCorr    .         Harm     .   y - +0 pair of gloves
MR       .....                  (no boots)
Stlth    ..........             k - amulet of faith
HPRegen  0.23/turn              n - +1 ring of protection
MPRegen  0.11/turn              d - ring of protection from cold

@: lethally poisoned (-8 -> -10), about to teleport, very slightly contaminated,
heavily drained, invisible
A: retaliatory headbutt, horns 2
a: no special abilities


You were on level 6 of the Dungeon.
You were hungry.

You visited 1 branch of the dungeon, and saw 7 of its levels.

You collected 333 gold pieces.

Inventory:

Hand Weapons
 a - a +0 war axe (weapon)
Missiles
 q - 9 tomahawks (quivered)
Armour
 b - a +0 scale mail (worn)
 c - a +0 shield (worn)
 o - a +2 cloak (worn)
 y - a +0 pair of gloves (worn)
Jewellery
 d - a ring of protection from cold (right hand)
 k - an amulet of faith (around neck)
 m - a +3 ring of evasion {unknown}
 n - a +1 ring of protection (left hand)
 r - a +3 ring of dexterity {unknown}
 w - a +4 ring of intelligence
Wands
 z - a wand of polymorph (15)
Scrolls
 e - a scroll of fear {unknown}
 g - 2 scrolls of teleportation
 h - 2 scrolls of enchant armour
 i - 5 scrolls of identify
 l - a scroll of amnesia
 u - a scroll of magic mapping
 v - a scroll of noise {unknown}
Potions
 j - 2 potions of brilliance
 A - a potion of lignification {unknown}
Books
 p - a Young Poisoner's Handbook

   Spells                             Type                      Level
   a - Sting                          Conjuration/Poison           1
   b - Poisonous Vapours              Poison/Air                   2
   c - Mephitic Cloud                 Conjuration/Poison/Air       3
   d - Olgreb's Toxic Radiance        Poison                       4
   e - Venom Bolt                     Conjuration/Poison           5
 s - a book of Misfortune

   Spells                             Type                      Level
   a - Confusing Touch                Hexes                        1
   b - Confuse                        Hexes                        3
   c - Gell's Gravitas                Translocation                3
   d - Petrify                        Transmutation/Earth          4
   e - Metabolic Englaciation         Hexes/Ice                    5
   f - Yara's Violent Unravelling     Hexes/Transmutation          5
 t - a book of Air

   Spells                             Type                      Level
   a - Shock                          Conjuration/Air              1
   b - Swiftness                      Charms/Air                   2
   c - Static Discharge               Conjuration/Air              3
   d - Airstrike                      Air                          4
   e - Lightning Bolt                 Conjuration/Air              5
Comestibles
 f - 9 rations


   Skills:
 + Level 6.9(5.2) Fighting
 * Level 9.4(7.6) Axes
 - Level 1.1(0.0) Throwing
 - Level 6.5(4.8) Armour
 - Level 2.5(1.0) Dodging
 - Level 0.8(0.0) Stealth
 + Level 7.3(5.6) Shields


You had 8 spell levels left.
You didn't know any spells.

Dungeon Overview and Level Annotations

Branches:
Dungeon (7/15)
 Temple: D:4-7

Altars:
Cheibriados
Qazlal
Uskayaw

Shops:
D:4 [[([   D:6 *

Annotations:
D:5 DildoBatman's ghost, novice FoWz


Innate Abilities, Weirdness & Mutations

You reflexively headbutt those who attack you in melee.
You have a pair of horns on your head.


Message History

The wight barely misses you. You block the wight's attack.
The wight hits you but does no damage.
You climb upwards.
You feel sick.
There is a stone staircase leading down here.
Unknown command.
Unknown command.
As you read the scroll of teleportation, it crumbles to dust.
You feel strangely unstable. The wight hits you with a long sword.
* * * LOW HITPOINT WARNING * * *
You block the wight's attack.
It was a potion of invisibility.
You fade into invisibility!
You feel sick. The wight closely misses you.
The wight hits you with a long sword.
* * * LOW HITPOINT WARNING * * *
You are very lightly contaminated with residual magic.
* * * LOW HITPOINT WARNING * * *
You feel sick.
The wight hits you but does no damage. x2
The wight hits you with a long sword!
You die...

##.###########..#####...###
#....#########..#.........#
#....##...........###...#.#
#....##.######..### ##.##.#
####....##.######..######.##.#
(.(.......................##.#
#####...##...###...#########.#
#........# #zz.# #.....#
##..##...###@#.# #.#####
#..........z..# #.#
###.###..##.##### #.#
#.........[.# #.#
#.#.#....##)#### #.#
#.#.#..<###....# #.# #.#.##.##
#.##.######.# #.#.##.#
#.##........# #.#....#
##.##...######


You could see 3 wights.

Vanquished Creatures
  A hungry ghost (D:6)
  Menkaure (D:5)
  Edmund (D:5)
  A water moccasin (D:6)
  A sky beast (D:5)
  An orc warrior (D:6)
  An ice beast (D:6)
  2 ogres
  A centaur (D:6)
  3 bullfrogs
  2 scorpions (D:6)
  A howler monkey (D:4)
  A centaur zombie (D:6)
  2 crimson imps
  A bullfrog skeleton (D:7)
  A hound (D:5)
  Crazy Yiuf (D:3)
  A gnoll shaman (D:7)
  5 orc wizards
  An iguana (D:4)
  3 worker ants
  2 killer bee zombies (D:5)
  A howler monkey zombie (D:6)
  8 gnolls
  4 adders
  2 oozes
  An adder zombie (D:6)
  3 dart slugs
  7 leopard geckos
  8 orcs
  5 giant cockroaches
  4 goblins (D:1)
  8 hobgoblins
  12 jackals
  11 kobolds
  4 quokkas
  4 bats
  4 frilled lizards
  A leopard gecko skeleton (D:5)
  A quokka skeleton (D:4)
  2 rats
124 creatures vanquished.

Notes
Turn   | Place    | Note
-------+----------+-------------------------------------------
     0 | D:1      | overmorrow the Minotaur Fighter began the quest for the Orb.
     0 | D:1      | Reached XP level 1. HP: 19/19 MP: 0/0
    90 | D:1      | Reached XP level 2. HP: 19/27 MP: 1/1
   345 | D:1      | Reached skill level 3 in Axes
   348 | D:1      | Reached XP level 3. HP: 29/33 MP: 2/2
   703 | D:2      | Reached XP level 4. HP: 40/40 MP: 3/3
   734 | D:2      | Found a stormy altar of Qazlal.
  1522 | D:3      | Reached skill level 4 in Axes
  1668 | D:3      | Found a runed door.
  1672 | D:3      | Noticed Crazy Yiuf
  1676 | D:3      | Killed Crazy Yiuf
  1676 | D:3      | Reached XP level 5. HP: 34/47 MP: 1/4
  1834 | D:4      | Found Nyruklargh's Antique Armour Shop.
  1838 | D:4      | Found Sidinne's Antique Weapon Shoppe.
  1939 | D:4      | Found Atupe's Armour Shop.
  2008 | D:4      | Found Naidwuew's Antique Armour Emporium.
  2018 | D:4      | Reached skill level 1 in Dodging
  2433 | D:5      | Entered Level 5 of the Dungeon
  2452 | D:5      | Noticed Edmund
  2457 | D:5      | Reached skill level 5 in Axes
  2462 | D:5      | Killed Edmund
  2462 | D:5      | Reached skill level 5 in Armour
  2462 | D:5      | Reached XP level 6. HP: 40/55 MP: 5/5
  2513 | D:5      | Reached skill level 1 in Throwing
  2608 | D:5      | Found a snail-covered altar of Cheibriados.
  2822 | D:5      | Reached skill level 5 in Shields
  2957 | D:5      | Noticed Menkaure
  2966 | D:5      | Killed Menkaure
  2966 | D:5      | Reached skill level 5 in Fighting
  2966 | D:5      | Reached skill level 6 in Axes
  2966 | D:5      | Reached XP level 7. HP: 61/61 MP: 6/6
  3518 | D:5      | Noticed DildoBatman's ghost (novice FoWz)
  4051 | D:6      | Reached skill level 7 in Axes
  4051 | D:6      | Reached XP level 8. HP: 58/68 MP: 7/7
  4252 | D:6      | Found Caotoog's General Store.
  4475 | D:6      | Reached skill level 8 in Axes
  4626 | D:6      | Found a hide-covered altar of Uskayaw.
  4629 | D:6      | Noticed a dagger
  4630 | D:6      | Noticed a dagger
  4890 | D:6      | Reached skill level 9 in Axes
  5017 | D:7      | Reached XP level 9. HP: 74/78 MP: 8/8
  5194 | D:6      | HP: 2/78 [wight/long sword (6)]
  5195 | D:6      | Mangled by a wight

Skill      XL: |  1  2  3  4  5  6  7  8 |
---------------+-------------------------+-----
Armour         | 4 5 6 |  6.5
Fighting       | 4 5 6 |  6.9
Axes           | 3 4 5 6 7 9 |  9.4
Shields        | 4 5 7 |  7.3
Dodging        | 1 2 |  2.5
Throwing       | 1 |  1.1
Stealth        | |  0.8

Action                   |  1- 3 |  4- 6 |  7- 9 || total
-------------------------+-------+-------+-------++-------
Melee: War axe           |    80 |   117 |   190 ||   387
       Headbutt          |     8 |    21 |    33 ||    62
Throw: Tomahawk          |       |     4 |       ||     4
  Use: Potion            |       |     3 |     2 ||     5
       Scroll            |       |     8 |     2 ||    10
 Stab: Distracted        |       |     1 |       ||     1
  Eat: Chunk             |       |     6 |     8 ||    14
       Ration            |       |       |     1 ||     1
Armor: Scale mail        |    56 |    34 |   100 ||   190
Dodge: Dodged            |    37 |    43 |    61 ||   141
Block: Shield            |    58 |    57 |    82 ||   197
